 Dungeon Crawl Stone Soup version 0.30-b1-2-g02819fbbbe (webtiles) character file.

Game seed: 17887518612924400275

5 loralnil the Insei (level 1, 0/13 HPs)
             Began as an Octopode Transmuter on Dec 6, 2023.
             Constricted to death by a ball python (1 damage)
             ... on level 2 of the Dungeon.
             The game lasted 00:00:16 (197 turns).

loralnil the Insei (Octopode Transmuter)             Turns: 197, Time: 00:00:17

Health: 0/13       AC:  1    Str:  9    XL:     1   Next: 80%
Magic:  2/3        EV: 10    Int: 15    God:
Gold:   11         SH:  0    Dex: 12    Spells: 3/4 levels left

rFire   . .          .
                       - Unarmed
rCold   . . .        (no shield)
rNeg    . . .        (helmet currently unavailable)
rPois   .            (no amulet)
rElec   .            (no ring)
rCorr   .            (no ring)
SInv    .            (no ring)
Will    .....        (no ring)
Stlth   ++           (no ring)
HPRegen 0.22/turn    (no ring)
MPRegen 0.08/turn    (no ring)
                     (no ring)

%: no passive effects
@: appendages (expiring), constricted
A: tentacle spike 3, almost no armour, amphibious, 8 rings, camouflage 1,
gelatinous body 1, (nimble swimmer 1), tentacles
a: End Transformation


You were on level 2 of the Dungeon.
One of your tentacles had grown a beastly spike.
You visited 1 branch of the dungeon, and saw 2 of its levels.

You collected 11 gold pieces.

Inventory:

Scrolls
 b - 3 scrolls of noise {unknown}
Potions
 a - a potion of lignification


   Skills:
 + Level 1.1 Fighting
 + Level 2.1 Dodging
 + Level 3.0 Unarmed Combat
 + Level 2.0 Spellcasting
 + Level 2.1 Transmutations


You had 3 spell levels left.
You knew the following spells:

 Your Spells              Type           Power      Damage    Failure   Level
a - Beastly Appendage     Tmut           14%        N/A       10%         1

Your spell library contained the following spells:

 Spells                   Type           Power      Damage    Failure   Level
 Wereblood                Tmut           7%         N/A       14%         2
 Spider Form              Tmut/Pois      4%         N/A       41%         3
 Ice Form                 Ice/Tmut       4%         N/A       82%         4


Dungeon Overview and Level Annotations

Branches:
Dungeon (2/15)

Altars:


Innate Abilities, Weirdness & Mutations

One of your tentacles has grown a beastly spike.
You cannot wear most types of armour.
You are amphibious.
You can wear up to eight rings at the same time.
Your skin changes colour to match your surroundings (Stealth+).
Your rubbery body absorbs attacks. (AC +1, EV +1)
((You are camouflaged when in or above water. (Stealth+)))
You have tentacles for arms and can constrict up to eight enemies at once.


Message History

You start resting.
Magic restored.
You start resting.
Your tentacle spike disappears.
HP restored.
You start waiting.
Done waiting.
You now have 11 gold pieces.
Casting: Beastly Appendage (safe; 10% risk of failure)
Confirm with . or Enter, or press ? or * to list all spells.
One of your tentacles grows a vicious spike.
The endoplasm quivers.
Found a quarterstaff.
The rat closely misses you.
You closely miss the rat. You grab the rat.
Your tentacle spike misses the rat.
You constrict the rat. The rat bites you.
You tentacle-slap the rat.
You kill the rat!
The ball python hisses angrily.
Your transformation is almost over.
The endoplasm completely misses you. The ball python barely misses you.
The ball python grabs you. The ball python constricts you.
You tentacle-slap the endoplasm.
You pierce the endoplasm, but do no damage.
The endoplasm is moderately wounded.
The endoplasm freezes you.
You are frozen.
The ball python closely misses you. The ball python constricts you.
You tentacle-slap the endoplasm.
The endoplasm is severely wounded.
The ball python barely misses you. The ball python constricts you.
The endoplasm barely misses you.
You tentacle-slap the endoplasm.
You kill the endoplasm!
The ball python bites you. The ball python constricts you.
* * * LOW HITPOINT WARNING * * *
You tentacle-slap the ball python but do no damage.
You grab the ball python. You constrict the ball python.
The ball python bites you.
* * * LOW HITPOINT WARNING * * *
The ball python constricts you.
You die...

#. ..# #.# #.# #.# #.# .
#.## #.# .)#####..#####
#.#
.............###.#######
#.........##..##.......#
#.........###..........#
#......@..# ####.......#
#.......S.!# #.......#
#...........# #.......#
#.........#..# #########
#.........##..#
#.........# #.#
########### .# #


You could see a ball python.

Vanquished Creatures
  A worm (D:2)
  An endoplasm (D:2)
  A rat (D:2)
3 creatures vanquished.

Notes
Turn   | Place    | Note
-------+----------+-------------------------------------------
     0 | D:1      | loralnil the Octopode Transmuter began the quest for the
                  | Orb.
     0 | D:1      | Reached XP level 1. HP: 13/13 MP: 3/3
     5 | D:1      | You fall into a shaft and drop 1 floor!
   197 | D:2      | Constricted to death by a ball python

Illustrated notes

Levels and vault maps discovered:
D:1:      eino_arrival_tree_alley, layout_loops_ring,
          hellmonk_ecumenical_altar_watching_god, minmay_pentomino_s4
D:2:      layout_rooms

Action                     || total
---------------------------++-------
  Melee: Unarmed           ||     9
         Constrict         ||     3
         Kick              ||     2
         Tentacles         ||     2
   Cast: Beastly Appendage ||     2
 Armour: Skin              ||     1
  Dodge: Dodged            ||     6
